 Dungeon Crawl Stone Soup version 0.30-a0-23-ge60ba3568b (webtiles) character file.

Game seed: 312566987722232187

63 scionoferis the Chiller (level 3, 0/30 HPs)
             Began as a Demigod Wanderer on Aug 24, 2022.
             Slain by a worm (4 damage)
             ... on level 2 of the Dungeon.
             The game lasted 00:03:39 (1996 turns).

scionoferis the Chiller (Demigod Wanderer)          Turns: 1996, Time: 00:03:40

Health: 0/30       AC:  8    Str: 18    XL:     3   Next: 61%
Magic:  8/8        EV:  9    Int: 14    God:
Gold:   108        SH:  0    Dex: 12    Spells: 5/6 levels left

rFire   . . .      SeeInvis .    a - +0 club
rCold   . . .      Faith    .    (no shield)
rNeg    . . .      Spirit   .    i - +2 scale mail {rPois}
rPois   +          Reflect  .    (no helmet)
rElec   .          Harm     .    (no cloak)
rCorr   .          Rampage  .    (no gloves)
Will    .....                    (no boots)
Stlth   ..........               (no amulet)
HPRegen 0.10/turn                (no ring)
MPRegen 0.11/turn                (no ring)

@: no status effects
A: high MP 1, forlorn, divine attributes
a: no special abilities


You were on level 2 of the Dungeon.
You visited 1 branch of the dungeon, and saw 2 of its levels.

You collected 108 gold pieces.

Inventory:

Hand Weapons
 a - a +0 club (weapon)
 m - a +0 sling
Missiles
 l - 3 poisoned darts
Armour
 b - a +0 ring mail
 i - a +2 scale mail of poison resistance (worn)
Scrolls
 c - a scroll of silence {unknown}
 e - a scroll of brand weapon {unknown}
 f - 2 scrolls of enchant armour {unknown}
 g - a scroll of noise {unknown}
 h - 3 scrolls of identify {unknown}
 j - a scroll of vulnerability {unknown}
Potions
 d - a potion of attraction
 k - a potion of ambrosia {unknown}
 n - a potion of mutation {unknown}


   Skills:
 * Level 2.6 Fighting
 + Level 2.3 Armour
 + Level 0.8 Dodging
 + Level 1.8 Stealth
 - Level 2.0 Spellcasting
 - Level 2.8 Ice Magic


You had 5 spell levels left.
You knew the following spells:

 Your Spells              Type           Power      Damage    Failure   Level
a - Freeze                Ice            36%        1d6       24%         1

Your spell library contained the following spells:

 Spells                   Type           Power      Damage    Failure   Level
 Ensorcelled Hibernation  Hex/Ice        10%        N/A       54%         2
 Hailstorm                Conj/Ice       5%         3d4       99%         4


Dungeon Overview and Level Annotations

Branches:
Dungeon (2/15)


Innate Abilities, Weirdness & Mutations

You have an increased reservoir of magic. (+10% MP)
You shall have no god before yourself.
Your divine heritage dramatically boosts your attributes as you level up.


Message History

You hit the worm.
The worm is severely wounded.
You hit the worm but do no damage.
The worm is severely wounded.
The worm barely misses you.
You hit the worm.
The worm is almost dead.
The worm bites you but does no damage.
You hit the worm.
You kill the worm!
The ball python closely misses you. The ball python grabs you.
The ball python constricts you.
You closely miss the ball python. Your punch misses the ball python.
The ball python bites you but does no damage.
The ball python constricts you.
You closely miss the ball python.
The ball python bites you but does no damage.
The ball python constricts you. The ball python completely misses you.
The ball python constricts you.
You hit the ball python.
You kill the ball python!
You hit the worm.
The worm is moderately wounded.
You barely miss the worm.
The worm is moderately wounded.
The worm bites you.
You hit the worm but do no damage.
The worm is lightly wounded.
The worm bites you!
* * * LOW HITPOINT WARNING * * *
You hit the worm.
The worm is moderately wounded.
The worm bites you.
* * * LOW HITPOINT WARNING * * *
You hit the worm.
The worm is moderately wounded.
You hit the worm.
The worm is severely wounded.
The worm bites you.
You die...

# # #...... #####.#
#...... ......# #.#.....
### #.#..... ## ###.#....
.#### #.......# ['..###
#.......########
.##...###.......@w......
.####..##......#####....
.# ##.####......#.+ .. .#
#.# ######.#.#.. .# #.#
#.#.#.# ## #.# ##.#.#.#
## ##.########......# ..#
#.....##.........####..#
#.....##.##..._........##


You could see a worm.

Vanquished Creatures
  Terence (D:2)
  A worm (D:2)
  2 dart slugs
  3 ball pythons
  2 endoplasms (D:2)
  A giant cockroach (D:1)
  A goblin (D:2)
  3 hobgoblins (D:1)
  4 jackals (D:1)
  A kobold (D:2)
  A quokka (D:1)
  5 bats (D:1)
  2 frilled lizards (D:1)
  2 rats (D:1)
29 creatures vanquished.

Notes
Turn   | Place    | Note
-------+----------+-------------------------------------------
     0 | D:1      | scionoferis the Demigod Wanderer began the quest for the
                  | Orb.
     0 | D:1      | scionoferis set off with the following items: a +0 club, a
                  | +0 ring mail, a potion of heal wounds, a potion of
                  | attraction; and the following spell memorised: Freeze; and
                  | the following spells available to memorise: Ensorcelled
                  | Hibernation, Hailstorm.
     0 | D:1      | Reached XP level 1. HP: 17/17 MP: 5/5
   737 | D:1      | Reached XP level 2. HP: 8/24 MP: 7/7
  1796 | D:2      | Noticed Terence
  1839 | D:2      | Killed Terence
  1840 | D:2      | Reached XP level 3. HP: 29/30 MP: 8/8
  1996 | D:2      | Slain by a worm

Illustrated notes

Levels and vault maps discovered:
D:1:      scummos_arrival_hexagon, layout_loops_ring
D:2:      layout_basic, basic_altar, chequers_serial_rivers_micro_c,
          uniq_terence, uniq_natasha

Skill      XL: |  1  2 |
---------------+-------+-----
Fighting       | 2 |  2.6
Armour         | 2 |  2.3
Spellcasting   | 2 |  2.0
Dodging        | |  0.8
Stealth        | |  1.8
Ice Magic      | |  2.8

Action                   || total
-------------------------++-------
Melee: Club              ||   208
       Punch             ||     1
  Use: Potion            ||     2
 Stab: Sleeping          ||     1
Armor: Ring mail         ||    75
       Skin              ||    27
       Scale mail        ||     7
Dodge: Dodged            ||   106

Table legend: (Time is in decaauts)
 A = Elapsed time spent in this place.
 B = Non-inter-level travel time spent in this place.
 C = Inter-level travel time spent in this place.
 D = Time resting spent in this place.
 E = Time spent auto-exploring this place.
 F = Levels seen in this place.
 G = Mean time per level.
                   A        B        C        D        E       F      G
               +--------+--------+--------+--------+--------+-----+--------+
         Total |   2057 |   1993 |     64 |      0 |   1585 |   2 | 1028.5 |
       Dungeon |   2057 |   1993 |     64 |      0 |   1585 |   2 | 1028.5 |
               +--------+--------+--------+--------+--------+-----+--------+

Top non-repeatable levels by time:
     D:1: 1695 daAuts
     D:2: 362 daAuts
